Map: Tourmaline LE

Players

HoldTheDoor - Winner!

  • Race: Protoss Protoss
  • League: Diamond
  • Spawn Location: 7:00

SAKAMOTO

  • Race: Terran Terran
  • League: Master
  • Spawn Location: 1:00

VOD

Have the link to the VOD?

Description

Time

  • Played on: May 25, 2026, 10:55 a.m.
  • Length: 7:05
Show
View Real Time Build Order
Export as new Build Order

HoldTheDoor Protoss - Winner!

Build Orders:  

Get SALT Encoding   

  12  0:00  Probe  
  13  0:12  Probe  
  14  0:19  Pylon  
  14  0:24  Probe  
  15  0:35  Probe  
  15  0:41  Gateway  
  16  0:43  Probe  
  17  0:54  Probe  
  18  1:09  Probe  
  18  1:11  Assimilator  
  19  1:20  Forge  
  19  1:21  Probe  
  19  1:25  Assimilator  
  20  1:31  Cybernetics Core  
  20  1:33  Probe  
  20  1:35  Zealot  
  23  1:49  Pylon  
  23  2:05  Pylon  
  23  2:07  Probe  
  24  2:08  Stalker  
  24  2:10  Photon Cannon  
  26  2:21  Probe  
  27  2:24  Warp Gate  
  27  2:36  Shield Battery x2  
  27  2:47  Probe  
  28  2:56  Stargate  
  28  3:01  Photon Cannon  
  28  3:04  Gateway  
  28  3:11  Pylon  
  28  3:28  Pylon  
  28  3:30  Photon Cannon  
  28  3:32  Shield Battery  
  28  3:36  Stalker  
  30  3:47  Probe  
  31  3:52  Void Ray  
  31  4:19  Stalker  
  31  4:20  Stalker  
  33  4:36  Void Ray  
  31  4:43  Stalker  
  31  4:44  Stalker  
  39  4:51  Probe  
  40  4:59  Pylon  
  40  5:01  Pylon  
  40  5:34  Stalker  
  40  5:35  Stalker  
  44  5:36  Phoenix  
  46  5:49  Probe  
  47  5:57  Nexus  
  47  6:02  Stalker  
  47  6:03  Sentry  
Show
View Real Time Build Order
Export as new Build Order

SAKAMOTO Terran 

Build Orders:  

Get SALT Encoding   

  12  0:00  SCV  
  13  0:15  Supply Depot  
  13  0:21  Refinery  
  13  0:40  Barracks  
  13  0:54  Barracks  
  13  0:59  SCV  
  14  1:15  SCV  
  15  1:26  Barracks Tech Lab  
  15  1:29  Orbital Command  
  15  1:39  Refinery  
  15  1:44  Barracks Tech Lab  
  15  1:45  Concussive Shells  
  15  1:59  Marauder  
  17  2:06  Marauder  
  19  2:09  SCV  
  20  2:21  SCV  
  21  2:25  Marauder  
  23  2:34  Supply Depot  
  23  2:54  Factory  
  23  2:58  Supply Depot  
  23  2:59  SCV  
  24  3:10  Marine x2  
  24  3:11  SCV  
  27  3:23  SCV  
  28  3:28  Marine x2  
  30  3:35  SCV  
  31  3:43  Starport  
  31  3:47  SCV  
  32  3:58  Barracks Reactor  
  32  4:00  SCV  
  33  4:37  Viking  
  28  4:41  Cyclone  
  28  4:43  Marine x2  
  28  4:44  Marine  
  31  4:54  SCV  
  31  4:56  Starport  
  31  4:57  Factory  
  32  5:35  Engineering Bay, Viking  
  34  5:44  Starport, Factory  
  34  5:50  Factory Tech Lab  
  34  6:03  Barracks  
  34  6:10  Cyclone  
  37  6:11  Missile Turret  
  37  6:12  Missile Turret, Viking  
  37  6:15  Missile Turret  
Tags
 
Matchup
PvT
Replay Pack
SC2Mai2026
Spawn Locations
Cross Positions
Add a new tag
Caveats
  • Supply blocks, unpowered buildings, or Contaminate may cause inaccurate times.
  • Supply counts are checked every 10 seconds.